 Dungeon Crawl Stone Soup version 0.20-a0-823-gdec668e (webtiles) character file.

114 Klosterheim the Slasher (level 4, -8/39 HPs)
             Began as a Minotaur Abyssal Knight on Mar 5, 2017.
             Was a Follower of Lugonu.
             Mangled by a gnoll
             ... wielding a +0 flail
              (10 damage)
             ... on level 2 of the Dungeon.
             The game lasted 00:01:56 (1634 turns).

Klosterheim the Slasher (Minotaur Abyssal Knight)   Turns: 1634, Time: 00:01:56

Health: -8/39      AC:  3    Str: 18    XL:     4   Next: 67%
Magic:  4/4        EV: 12    Int:  9    God:    Lugonu [*.....]
Gold:   64         SH:  0    Dex:  9    Spells: 3/3 levels left

rFire    . . .     SeeInvis .   a - +1 falchion
rCold    . . .     Gourm    .   b - +0 leather armour
rNeg     . . .     Faith    .   (no shield)
rPois    .         Spirit   .   (helmet restricted)
rElec    .         Reflect  .   (no cloak)
rCorr    .         Harm     .   (no gloves)
MR       .....                  (no boots)
Stlth    +.........             (no amulet)
Regen    0.2/turn               (no ring)
MPRegen  0.1/turn               (no ring)

@: no status effects
A: retaliatory headbutt, horns 2
a: Depart the Abyss, Renounce Religion


You were on level 2 of the Dungeon.
You worshipped Lugonu.
Lugonu was aware of your devotion.
You were not hungry.

You visited 1 branch of the dungeon, and saw 3 of its levels.
You visited the Abyss 1 time.

You collected 64 gold pieces.

Inventory:

Hand Weapons
 a - a +1 falchion (weapon)
Armour
 b - a +0 leather armour (worn)
Scrolls
 e - a scroll of identify {unknown}
 f - a scroll of magic mapping {unknown}
 g - a scroll of enchant armour {unknown}
 h - a scroll of teleportation {unknown}
 n - a scroll of remove curse {unknown}
 p - a scroll of random uselessness {unknown}
Potions
 i - a potion of ambrosia {unknown}
 j - 2 potions of might
 k - a potion of cancellation {unknown}
 l - a potion of magic {unknown}
 m - 2 potions of curing {unknown}
Comestibles
 c - 3 bread rations
 d - 3 royal jellies
 o - a chunk of flesh


   Skills:
 - Level 3.6 Fighting
 * Level 5.3 Long Blades
 + Level 2.9 Armour
 + Level 2.0 Dodging
 - Level 1.7 Invocations


You had 3 spell levels left.
You didn't know any spells.

Dungeon Overview and Level Annotations

Branches:
Dungeon (3/15)

Altars:
Makhleb
Yredelemnul
The Shining One


Innate Abilities, Weirdness & Mutations

You reflexively headbutt those who attack you in melee.
You have a pair of horns on your head.


Message History

There is a stone staircase leading down, spattered with blood here.
You barely miss the gnoll. Your headbutt misses the gnoll.
The gnoll is almost dead.
The gnoll closely misses you. The gnoll hits you with a spear.
You hit the gnoll.
You kill the gnoll!
Lugonu accepts your kill.
Your Dodging skill increases to level 2!
The gnoll hits you with a flail! The gnoll hits you with a club.
* * * LOW HITPOINT WARNING * * *
You hit the gnoll.
The gnoll is almost dead.
The gnoll hits you with a club!
* * * LOW HITPOINT WARNING * * *
The gnoll hits you but does no damage.
You hit the gnoll. Your headbutt misses the gnoll.
The gnoll is almost dead.
The gnoll misses you.
You riposte.
You closely miss the gnoll. The gnoll hits you with a flail!
You die...

. .. ####...# ## #... ... ..
################.####.###.#######
...$..............#.....#........
#####...#####.....#.#.#..........
#.g.##.##...##.)g.#...#..........
.8g8.#.#.8.8.#..@.+..............
.._.g#.#.._..#...g#............#
.8..g#.#...8.#...##.###.....(..#
#...'#g#'...##...'..# #........#
#####)..#####....#### #........##
......⌠..........# #...###...#
#####...#####....# #...# #....
+#.#'...##...# #...# #....
#.#...8.#...# #...# #....


You could see 2 gnolls.

Vanquished Creatures
  A howler monkey (D:3)
  An iron imp (Abyss:1)
  An adder (D:3)
  2 gnolls (D:2)
  3 orcs (D:3)
  A ball python (D:1)
  2 goblins
  A hobgoblin (D:1)
  5 kobolds
  2 bats (D:1)
  2 rats (D:1)
21 creatures vanquished.

Notes
Turn   | Place    | Note
-------+----------+-------------------------------------------
     0 | Abyss:1  | Klosterheim the Minotaur Abyssal Knight began the quest for the Orb.
     0 | Abyss:1  | Reached XP level 1. HP: 19/19 MP: 1/1
    24 | Abyss:1  | Found a corrupted altar of Lugonu.
    52 | Abyss:1  | Noticed an iron imp
    58 | Abyss:1  | Killed an iron imp
    58 | Abyss:1  | Reached skill level 4 in Long Blades
    58 | Abyss:1  | Reached XP level 2. HP: 3/26 MP: 2/2
    68 | D:1      | Escaped the Abyss
   390 | D:1      | Reached XP level 3. HP: 31/31 MP: 3/3
  1258 | D:2      | Found a burning altar of Makhleb.
  1261 | D:2      | Found a basalt altar of Yredelemnul.
  1275 | D:2      | Found a glowing golden altar of the Shining One.
  1308 | D:3      | Reached skill level 5 in Long Blades
  1308 | D:3      | Reached XP level 4. HP: 11/39 MP: 4/4
  1327 | D:3      | Reached * piety under Lugonu
  1634 | D:2      | Mangled by a gnoll

Vault maps used:
D:1:      onia_arrival_pyramid, kennysheep_decorative_pillar
D:2:      grunt_temple_overflow_cloverleaf, first_bread, serial_forest,
          infiniplex_forest_pool, infiniplex_forest_straight_4,
          infiniplex_forest_lined_1, infiniplex_forest_lined_4_way,
          infiniplex_forest_clump_medium, infiniplex_forest_end_2
D:3:      minmay_misc_feat_rows, hangedman_decor_clover_reticule,
          tgw_kikubaaqudgha, uniq_robin

Skill      XL: |  1  2  3  4 |
---------------+-------------+-----
Long Blades    | 4 5 |  5.3
Dodging        | 2 |  2.0
Fighting       | |  3.6
Armour         | |  2.9
Invocations    | |  1.7

Action                   |  1- 3 |  4- 6 || total
-------------------------+-------+-------++-------
Melee: Falchion          |    34 |    22 ||    56
       Headbutt          |     6 |     4 ||    10
Invok: Depart the Abyss  |     1 |       ||     1
  Eat: Chunk             |       |     2 ||     2
Armor: Leather armour    |     7 |     6 ||    13
Dodge: Dodged            |    18 |    12 ||    30
       Rpst.: Falchion   |    10 |     2 ||    12
